 Dungeon Crawl Stone Soup version 0.28-a0-239-g68911e0c57 (webtiles) character file.

Game seed: 16295160610498116480

512 tilp the Conjurer (level 6, -1/26 HPs)
             Began as a Felid Hedge Wizard on Aug 23, 2021.
             Was an Initiate of Vehumet.
             Slain by a killer bee (6 damage)
             ... on level 8 of the Dungeon.
             The game lasted 00:26:23 (13511 turns).

tilp the Conjurer (Felid Hedge Wizard)             Turns: 13511, Time: 00:26:23

Health: -1/26      AC:  2    Str:  6    XL:     6   Next: 99%
Magic:  6/13       EV: 19    Int: 18    God:    Vehumet [......]
Gold:   301        SH:  0    Dex: 21    Spells: 2/13 levels left
                                        Lives:  0   Deaths: 2

rFire   . . .      SeeInvis +     - Unarmed
rCold   . . .      Faith    .   (shield unavailable)
rNeg    . . .      Spirit   .   (armour unavailable)
rPois   .          Reflect  .   (helmet unavailable)
rElec   .          Harm     .   (cloak unavailable)
rCorr   .          Rampage  .   (gloves unavailable)
Will    .....                   (boots unavailable)
Stlth   +++.......              b - amulet of the acrobat
HPRegen 0.08/turn               i - ring of wizardry
MPRegen 0.13/turn               o - +6 ring of dexterity

@: quick
A: very small, claws 1, fangs 3, see invisible, speed 1, shaggy fur 2, stealthy
paws, no weapons or thrown items, no armour, multi-lived
a: Renounce Religion


You were on level 8 of the Dungeon.
You worshipped Vehumet.
Vehumet was noncommittal.
You visited 2 branches of the dungeon, and saw 9 of its levels.

You collected 405 gold pieces.
You spent 104 gold pieces at shops.

Inventory:

Jewellery
 b - an amulet of the acrobat (around neck)
 g - a ring of fire
 i - a ring of wizardry (left paw)
 m - a ring of ice
 o - a +6 ring of dexterity (right paw)
Wands
 j - a wand of flame (15)
Scrolls
 a - 2 scrolls of immolation
 f - 2 scrolls of identify
 h - a scroll of teleportation
 l - 2 scrolls of magic mapping
 n - a scroll of fog
Potions
 c - a potion of ambrosia
 k - 2 potions of flight
 q - a potion of brilliance


   Skills:
 - Level 2.0 Fighting
 - Level 4.0 Dodging
 - Level 4.0 Stealth
 - Level 2.0 Unarmed Combat
 - Level 4.0 Spellcasting
 + Level 5.4 Conjurations
 - Level 2.0 Summonings
 - Level 4.0 Translocations
 + Level 2.8 Fire Magic
 + Level 3.2 Evocations


You had 2 spell levels left.
You knew the following spells:

 Your Spells              Type           Power      Damage    Failure   Level
a - Magic Dart            Conj           92%        1d7       1%          1
b - Call Imp              Summ           10%        N/A       4%          2
c - Blink                 Tloc           N/A        N/A       1%          2
d - Conjure Flame         Conj/Fire      18%        6-21      3%          3
e - Ozocubu's Armour      Ice            3%         N/A       17%         3

Your spell library contained the following spells:

 Spells                   Type           Power      Damage    Failure   Level
 Summon Small Mammal      Summ           40%        N/A       2%          1
 Beastly Appendage        Tmut           6%         N/A       6%          1
 Corona                   Hex            3%         N/A       6%          1
 Ensorcelled Hibernation  Hex/Ice        6%         N/A       9%          2
 Slow                     Hex            3%         N/A       9%          2
 Wereblood                Tmut           3%         N/A       9%          2
 Call Canine Familiar     Summ           10%        N/A       8%          3
 Mephitic Cloud           Conj/Pois/Air  10%        N/A       9%          3
 Summon Guardian Golem    Hex/Summ       7%         N/A       12%         3
 Spider Form              Tmut/Pois      1%         N/A       17%         3
 Tukima's Dance           Hex            3%         N/A       17%         3
 Metabolic Englaciation   Hex/Ice        1%         N/A       82%         5
 Shadow Creatures         Summ           N/A        N/A       98%         6
 Simulacrum               Ice/Necr       1%         N/A       100%        6


Dungeon Overview and Level Annotations

Branches:
Dungeon (8/15)             Temple (1/1) D:7
   Lair: D:8-11

Altars:
Ashenzari
Cheibriados
Dithmenos
Elyvilon
Fedhas
Gozag
Hepliaklqana
Kikubaaqudgha
Makhleb
Nemelex Xobeh
Okawaru
Qazlal
Ru
Sif Muna
Trog
Uskayaw
Vehumet
Wu Jian
Xom
Yredelemnul
Zin
The Shining One

Shops:
D:3 !   D:5 [   D:7 :

Annotations:
D:3 Grinder, Sigmund
D:5 1 runed translucent door, PeterLawrence's ghost, novice MiFi
D:6 exclusion: sky beast, Menkaure
D:7 exclusion: 5 slime creatures
D:8 Harold


Innate Abilities, Weirdness & Mutations

You have sharp claws.
You have razor-sharp teeth.
You have supernaturally acute eyesight. (SInv)
You cover ground quickly. (Speed+)
You are covered in thick fur. (AC +2)
Your paws help you pounce on unaware monsters.
You are incapable of wielding weapons or throwing items.
You cannot wear armour.
You gain extra lives every three experience levels.


Message History

Confirm with . or Enter, or press ? or * to list all spells.
A beastly little devil appears in a puff of frigid air.
* * * LOW HITPOINT WARNING * * *
You feel sick. The water moccasin barely misses you.
Your crimson imp hits the water moccasin.
Your crimson imp blinks!
The water moccasin completely misses your crimson imp.
Unknown command.
You closely miss the water moccasin.
The water moccasin is almost dead.
* * * LOW HITPOINT WARNING * * *
You feel sick.
Your crimson imp hits the water moccasin but does no damage.
The water moccasin completely misses you.
Your white imp gestures at the water moccasin.
The puff of frost hits the water moccasin!
The water moccasin dies!
Vehumet accepts your kill.
Unknown command.
You start resting.
You feel sick. x6
You are no longer poisoned.
You start resting.
Your crimson imp disappears in a puff of smoke!
Your white imp disappears in a puff of smoke!
Your crimson imp disappears in a puff of smoke!
A killer bee is nearby!
A killer bee is nearby!
A killer bee is nearby!
Unknown command.
Okay, then.
You start resting.
A killer bee is nearby!
The killer bee buzzes angrily.
Aiming: Throw Flame
Press: ? - help, Shift-Dir - straight line, f - killer bee
Aim: a killer bee (43% to hit)
The puff of flame hits the killer bee.
The killer bee is moderately wounded.
The killer bee stings you.
You die...

.)....#.#...y§y.#
..#).....######.#
#......## ....
#........ ......#
#......## .......#
#......# @!......#
#......###.......#
#y†......).....>##
#@.......
######... .. .


You could see a killer bee.

Vanquished Creatures
  A phantom (D:5)
  2 bullfrogs
  5 killer bees (D:7)
  A bullfrog zombie (D:7)
  A jelly (D:8)
  A centaur skeleton (D:5)
  An iguana (D:5)
  An orc wizard (D:4)
  A killer bee zombie (D:5)
  4 adders
  A white imp (D:7)
  An adder skeleton (D:4)
  2 worms (D:3)
  7 orcs
  6 ball pythons
  11 endoplasms
  15 goblins
  6 hobgoblins
  8 jackals
  4 quokkas
  8 bats
  4 frilled lizards
  12 kobolds
  7 rats
110 creatures vanquished.

Vanquished Creatures (collateral kills)
  2 water moccasins
  2 sky beasts
  3 ogres
  A kobold brigand (D:8)
  A bullfrog zombie (D:7)
  A centaur zombie (D:5)
  An orc priest (D:6)
  2 iguanas
  2 orc wizards (D:6)
  Robin (D:2)
  An adder (D:2)
  3 orcs
  3 kobolds
23 creatures vanquished.

Vanquished Creatures (others)
  2 plants (D:2)
  A withered plant (D:2)
3 creatures vanquished.

Grand Total: 136 creatures vanquished

Notes
Turn   | Place    | Note
-------+----------+-------------------------------------------
     0 | D:1      | tilp the Felid Hedge Wizard began the quest for the Orb.
     0 | D:1      | Reached XP level 1. HP: 7/7 MP: 5/5
    49 | D:1      | Reached skill level 1 in Conjurations
   529 | D:1      | Reached XP level 2. HP: 8/11 MP: 0/7
   532 | D:1      | Learned a level 2 spell: Call Imp
   535 | D:1      | Learned a level 2 spell: Blink
   735 | D:1      | Reached skill level 2 in Conjurations
  1189 | D:1      | Reached skill level 1 in Unarmed Combat
  1899 | D:2      | Reached XP level 3. HP: 14/14 MP: 3/8
  2643 | D:2      | Found a faded altar of an unknown god.
  3006 | D:3      | Noticed Robin
  3304 | D:3      | Found Wuiniwn's Distillery.
  3309 | D:3      | Bought a potion of heal wounds for 65 gold pieces
  3309 | D:3      | Bought a potion of curing for 39 gold pieces
  3339 | D:3      | Noticed Grinder
  3651 | D:2      | Killed Robin
  3860 | D:2      | Reached XP level 4. HP: 14/18 MP: 0/9
  4120 | D:3      | Reached skill level 3 in Conjurations
  4238 | D:3      | Noticed Sigmund
  5642 | D:4      | Noticed an ogre
  5680 | D:4      | Killed an ogre
  5681 | D:4      | Reached skill level 4 in Conjurations
  5681 | D:4      | Reached XP level 5. HP: 21/21 MP: 0/10
  6022 | D:4      | You fall into a shaft and drop 2 floors!
  6027 | D:6      | Noticed a sky beast
  6078 | D:6      | Reached skill level 1 in Fighting
  6446 | D:6      | Noticed an ogre
  6459 | D:6      | Killed an ogre
  6945 | D:5      | Entered Level 5 of the Dungeon
  7134 | D:4      | Gained mutation: You are covered in thick fur. (AC +2)
                  | [Felid growth]
  7134 | D:4      | Reached XP level 6. HP: 25/25 MP: 4/11
  7938 | D:5      | Found a runed translucent door.
  7940 | D:5      | Noticed PeterLawrence's ghost (novice MiFi)
  8522 | D:5      | Found an opulent altar of Gozag.
  8685 | D:5      | Found Voli's Antique Armour Emporium.
  8955 | D:5      | Reached XP level 7. HP: 24/30 MP: 0/13
  9193 | D:5      | Learned a level 3 spell: Conjure Flame
  9900 | D:6      | Noticed Menkaure
 10095 | D:7      | Killed from afar by a white imp
 10096 | D:7      | Reached XP level 6. HP: 0/26 MP: 7/12
 10096 | D:7      | Found a staircase to the Ecumenical Temple.
 10103 | Temple   | Entered the Ecumenical Temple
 10177 | Temple   | Became a worshipper of Vehumet
 10203 | D:7      | Noticed a sky beast
 10640 | D:7      | Reached skill level 1 in Fire Magic
 11195 | D:7      | Reached skill level 1 in Evocations
 11381 | D:7      | Learned a level 3 spell: Ozocubu's Armour
 11394 | D:7      | Noticed a water moccasin
 11700 | D:7      | Killed a sky beast
 11701 | D:7      | Reached XP level 7. HP: 12/30 MP: 1/14
 12001 | D:7      | Found Uqacolab's Book Shoppe.
 12006 | D:7      | Noticed a slime creature
 12006 | D:7      | Noticed a slime creature
 12006 | D:7      | Noticed a slime creature
 12006 | D:7      | Noticed a slime creature
 12086 | D:7      | Reached skill level 5 in Conjurations
 12281 | D:7      | Noticed a slime creature
 12494 | D:7      | Noticed a slime creature
 12991 | D:8      | Noticed Harold
 13265 | D:8      | Noticed a slime creature
 13265 | D:8      | Noticed a slime creature
 13265 | D:8      | Noticed a slime creature
 13265 | D:8      | Noticed a slime creature
 13265 | D:8      | Noticed a slime creature
 13404 | D:8      | Noticed a wyvern
 13412 | D:8      | Slain by a wyvern
 13413 | D:8      | Reached XP level 6. HP: -1/26 MP: 0/13
 13468 | D:8      | Killed a water moccasin
 13511 | D:8      | Slain by a killer bee

Illustrated notes

Levels and vault maps discovered:
D:1:      amcnicky_arrival_wind_blow, layout_basic
D:2:      layout_loops_ring, shapermc_ecumenical_altar_flowoftime,
          minmay_misc_feat_rows, minmay_indecisive_spiral
D:3:      layout_rooms, serial_shops, nicolae_square_shop, wad_rectangle_vault,
          uniq_sigmund, uniq_grinder, uniq_robin
D:4:      minmay_evil_eye, layout_basic
D:5:      layout_basic, mainiacjoe_overflow_brackets,
          hellmonk_ghost_happy_afterlife, serial_shops, nicolae_shop_crystal
D:6:      layout_basic, uniq_menkaure
D:7:      layout_loops_ring, minmay_temple_entry_grid, serial_shops,
          nicolae_shop_waterfront
D:8:      layout_basic, minmay_misc_feat_cross, uniq_harold
Temple:   dpeg_three_leaves_temple

Skill      XL: |  1  2  3  4  5  6  7 |
---------------+----------------------+-----
Conjurations   | 1 2 4 5 |  5.4
Unarmed Combat | 1 2 |  2.0
Dodging        | 3 4 |  4.0
Stealth        | 3 4 |  4.0
Fighting       | 1 2 |  2.0
Translocations | 4 |  4.0
Summonings     | 2 |  2.0
Fire Magic     | 1 2 |  2.8
Evocations     | 1 3 |  3.2
Spellcasting   | 4 |  4.0

Action                   |  1- 3 |  4- 6 |  7- 9 || total
-------------------------+-------+-------+-------++-------
Melee: Unarmed           |     8 |    32 |    32 ||    72
       Bite              |       |     2 |     2 ||     4
 Cast: Magic Dart        |   126 |   170 |    27 ||   323
       Call Imp          |     5 |    61 |    23 ||    89
       Blink             |     1 |     2 |     8 ||    11
       Conjure Flame     |       |       |     3 ||     3
       Ozocubu's Armour  |       |       |     2 ||     2
Evoke: Wand              |       |     1 |       ||     1
  Use: Scroll            |     5 |     5 |     7 ||    17
       Potion            |       |       |     5 ||     5
 Stab: Distracted        |       |     3 |       ||     3
       Sleeping          |       |     2 |       ||     2
Armor: Skin              |     6 |     6 |    31 ||    43
Dodge: Dodged            |    59 |    75 |    62 ||   196

Table legend: (Time is in decaauts)
 A = Elapsed time spent in this place.
 B = Non-inter-level travel time spent in this place.
 C = Inter-level travel time spent in this place.
 D = Time resting spent in this place.
 E = Time spent auto-exploring this place.
 F = Levels seen in this place.
 G = Mean time per level.
                   A        B        C        D        E       F      G
               +--------+--------+--------+--------+--------+-----+--------+
         Total |  12358 |  11519 |    839 |   5777 |   3803 |   9 | 1373.1 |
       Dungeon |  12293 |  11467 |    826 |   5777 |   3759 |   8 | 1536.6 |
        Temple |     65 |     53 |     12 |      0 |     44 |   1 |   65.0 |
               +--------+--------+--------+--------+--------+-----+--------+

Top non-repeatable levels by time:
     D:7: 2769 daAuts
     D:2: 2130 daAuts
     D:1: 1682 daAuts
     D:6: 1670 daAuts
     D:4: 1380 daAuts
     D:3: 1290 daAuts
     D:5: 1088 daAuts
     D:8: 282 daAuts
  Temple: 65 daAuts
